Map: Orbital Shipyard

Players

capac

  • Race: Terran Terran
  • League: Gold

IIIIIIIIIIII - Winner!

  • Race: Protoss Protoss
  • League: Gold

VOD

Have the link to the VOD?

Description

Time

  • Played on: March 6, 2016, 2:52 p.m.
  • Length: 19:02
Show
View Real Time Build Order
Export as new Build Order

capac Terran 

Build Orders:  

Get SALT Encoding   

  12  0:00  SCV  
  13  0:13  SCV  
  14  0:18  Supply Depot  
  14  0:25  SCV  
  15  0:39  SCV  
  15  0:40  Barracks  
  16  0:45  Refinery  
  16  0:51  SCV  
  17  1:04  SCV  
  18  1:16  SCV  
  19  1:28  SCV  
  19  1:32  Barracks Reactor  
  20  1:38  Command Center  
  20  1:52  SCV  
  21  2:02  Supply Depot  
  21  2:13  Marine  
  21  2:14  Barracks  
  22  2:18  Marine  
  23  2:27  Barracks  
  23  2:30  Factory  
  23  2:46  Orbital Command  
  23  2:48  Refinery  
  24  2:56  Orbital Command  
  24  2:57  Marine  
  24  3:00  Marine  
  24  3:04  Barracks Tech Lab  
  25  3:13  SCV  
  25  3:16  Marine  
  27  3:24  Factory Reactor  
  27  3:25  SCV  
  28  3:32  Marine x2  
  29  3:39  Starport  
  29  3:42  Marine  
  29  3:47  SCV  
  31  3:50  SCV  
  31  3:53  Marine  
  33  3:59  SCV  
  33  4:02  SCV  
  35  4:04  Stimpack  
  35  4:07  Marine  
  36  4:13  SCV  
  36  4:15  SCV  
  38  4:18  Marine x2  
  40  4:29  SCV x2  
  43  4:32  Supply Depot  
  43  4:40  Medivac x2  
  46  4:46  Factory Tech Lab  
  46  4:54  Marine x3, SCV x2  
  46  4:59  Supply Depot  
  51  5:05  Siege Tank  
  54  5:17  Barracks x2  
  54  5:20  SCV x2  
  56  5:21  Marine x3  
  56  5:26  Medivac  
  61  5:29  Supply Depot  
  61  5:32  SCV  
  61  5:34  Medivac  
  64  5:36  Refinery  
  64  5:39  Refinery  
  64  5:42  Marine x2  
  65  5:46  Marine  
  56  6:28  Marine x5  
  56  6:31  Medivac x2  
  56  6:32  SCV x2  
  67  6:35  Supply Depot  
  67  6:42  Command Center  
  67  6:45  Marine x2  
  67  6:46  Marine x3  
  67  6:47  Liberator x2  
  72  6:52  SCV x2  
  74  7:05  Marine x3  
  83  7:09  SCV  
  83  7:15  Supply Depot  
  84  7:30  Barracks Reactor  
  84  7:31  Barracks Reactor  
  84  7:36  Siege Tank  
  87  7:39  Supply Depot  
  87  7:43  Marine  
  87  7:44  Marine x2  
  90  8:01  Marine x2  
  90  8:02  Marine  
  93  8:19  Marine x3  
  96  8:30  Marine x3  
  96  8:31  Marine  
  96  8:32  Orbital Command  
  100  8:35  Siege Tank  
  100  8:37  Marine  
  100  8:39  Marine x2  
  106  8:42  Medivac x2  
  106  8:45  Supply Depot  
  106  8:46  Supply Depot  
  106  8:48  Marine  
  111  9:07  Marine x4  
  111  9:08  Marine x3  
  118  9:10  Supply Depot  
  118  9:24  Engineering Bay, Siege Tank  
  121  9:25  Engineering Bay, Marine x4  
  125  9:35  Marine x3  
  122  9:43  Marine x2  
  61  10:15  Missile Turret  
  61  10:23  SCV  
  62  10:35  SCV  
  54  10:59  SCV  
  54  11:01  Missile Turret  
  54  11:02  SCV  
  56  11:12  SCV  
  56  11:14  SCV  
  58  11:24  SCV  
  50  12:13  SCV  
  49  12:19  Missile Turret  
  49  12:25  SCV, Barracks Reactor  
  49  12:26  Barracks Reactor  
  44  12:37  SCV  
  43  12:50  SCV  
  43  13:01  Marine  
  43  13:02  Marine x4, SCV  
  49  13:14  SCV  
  43  13:33  SCV  
  44  13:45  SCV  
  45  13:57  SCV  
  45  14:00  Starport Reactor  
  45  14:02  Starport Tech Lab  
  46  14:09  SCV  
  47  14:21  SCV  
  47  14:23  Barracks Reactor  
  47  14:24  Factory Tech Lab, Barracks Reactor  
  48  14:26  Raven  
  50  14:33  SCV  
  51  14:40  Marine x2  
  53  14:49  Missile Turret  
  53  14:57  Supply Depot  
  53  14:58  Supply Depot x2, Marine  
  53  14:59  Supply Depot  
  54  15:01  Marine  
  55  15:19  Marine x6, SCV  
  62  15:31  SCV  
  63  15:37  Marine  
  63  15:54  Refinery  
  63  15:57  Refinery  
  63  16:26  Supply Depot  
  63  16:28  Supply Depot  
  63  16:29  Supply Depot  
  63  16:30  Liberator  
  63  16:45  Command Center  
  63  16:47  SCV  
  67  16:57  Marine  
  67  16:58  Marine  
  67  16:59  Marine x3  
  67  17:00  SCV  
  73  17:13  Liberator  
  73  17:29  Missile Turret  
  73  17:33  Supply Depot  
  76  18:13  Marine  
  76  18:14  Marine x5  
  82  18:31  Marine x2  
  82  18:32  Marine  
  85  18:35  Marine x2  
  85  18:36  Marine  
Show
View Real Time Build Order
Export as new Build Order

IIIIIIIIIIII Protoss - Winner!

Build Orders: 1 Gate Expand 

Get SALT Encoding   

  12  0:01  Probe (Chrono Boost)  
  13  0:14  Pylon  
  13  0:20  Probe (Chrono Boost)  
  14  0:30  Probe (Chrono Boost)  
  15  0:41  Probe (Chrono Boost)  
  16  0:46  Gateway  
  16  0:54  Probe (Chrono Boost)  
  17  1:00  Assimilator  
  17  1:05  Probe (Chrono Boost)  
  18  1:15  Probe (Chrono Boost)  
  19  1:23  Nexus  
  19  1:28  Pylon  
  19  1:32  Probe (Chrono Boost)  
  20  1:41  Cybernetics Core  
  20  1:49  Probe (Chrono Boost)  
  21  2:04  Probe (Chrono Boost)  
  22  2:09  Assimilator  
  22  2:11  Pylon  
  22  2:14  Probe (Chrono Boost)  
  23  2:17  Stalker (Chrono Boost)  
  23  2:18  Warp Gate (Chrono Boost)  
  24  2:48  Gateway  
  24  2:50  Gateway  
  24  2:56  Gateway  
  24  2:57  Sentry (Chrono Boost)  
  26  3:07  Mothership Core (Chrono Boost)  
  26  3:11  Probe (Chrono Boost)  
  29  3:20  Probe (Chrono Boost)  
  29  3:21  Stalker (Chrono Boost)  
  32  3:32  Probe x2  
  34  3:36  Pylon  
  36  3:42  Zealot (Chrono Boost)  
  36  3:44  Probe  
  36  3:45  Zealot (Chrono Boost)  
  39  3:54  Zealot (Chrono Boost)  
  41  3:56  Probe  
  41  3:57  Stalker (Chrono Boost)  
  44  4:06  Probe  
  44  4:08  Probe  
  46  4:27  Stalker  
  46  4:28  Stalker x2  
  52  4:37  Probe (Chrono Boost)  
  52  4:38  Robotics Facility  
  54  4:39  Probe (Chrono Boost)  
  54  4:46  Forge  
  54  4:48  Probe (Chrono Boost)  
  54  4:51  Probe (Chrono Boost)  
  56  4:59  Probe (Chrono Boost)  
  57  5:03  Probe (Chrono Boost)  
  57  5:06  Sentry  
  57  5:07  Zealot  
  62  5:18  Nexus  
  62  5:21  Pylon  
  62  5:28  Assimilator  
  62  5:33  Assimilator  
  62  5:34  Pylon  
  62  5:40  Probe (Chrono Boost), Observer  
  62  5:41  Probe (Chrono Boost)  
  65  5:43  Pylon  
  65  5:54  Probe x2  
  67  5:59  Zealot  
  67  6:00  Zealot x2  
  72  6:06  Probe x2  
  67  6:22  Probe x2  
  67  6:25  Protoss Ground Weapons Level 1 (Chrono Boost)  
  63  6:33  Photon Cannon  
  63  6:34  Probe (Chrono Boost)  
  63  6:35  Probe (Chrono Boost)  
  63  6:36  Probe (Chrono Boost), Photon Cannon  
  66  6:40  Pylon  
  66  6:42  Pylon  
  66  6:46  Probe (Chrono Boost)  
  68  6:48  Probe (Chrono Boost)  
  68  6:49  Stalker  
  68  6:50  Stalker  
  72  6:56  Probe (Chrono Boost)  
  72  6:58  Probe (Chrono Boost)  
  72  7:00  Probe (Chrono Boost)  
  75  7:04  Twilight Council  
  75  7:07  Probe (Chrono Boost), Photon Cannon  
  76  7:09  Probe (Chrono Boost), Photon Cannon  
  76  7:12  Probe (Chrono Boost)  
  76  7:14  Photon Cannon  
  78  7:17  Probe (Chrono Boost)  
  78  7:21  Zealot x3  
  85  7:24  Probe (Chrono Boost)  
  85  7:26  Probe (Chrono Boost)  
  85  7:29  Warp Prism  
  89  7:52  Gateway x2  
  89  7:54  Gateway  
  89  7:56  Gateway  
  89  7:57  Gateway  
  89  7:59  Pylon  
  89  8:03  Charge (Chrono Boost)  
  89  8:10  Dark Shrine  
  89  8:15  Assimilator  
  89  8:20  Assimilator  
  89  8:22  Pylon  
  89  8:47  Observer (Chrono Boost)  
  90  9:24  Dark Templar x5  
  94  9:25  Dark Templar x3  
  106  9:32  Zealot  
  73  9:58  Stalker x3  
  73  9:59  Stalker x4  
  81  10:00  Stalker x2  
  65  10:29  Dark Templar x4  
  65  10:30  Dark Templar x4  
  65  10:31  Dark Templar  
  75  10:44  Nexus  
  63  11:02  Nexus  
  63  11:06  Pylon  
  63  11:20  Pylon  
  63  11:25  Pylon  
  63  11:27  Stalker  
  63  11:28  Stalker x4  
  63  11:29  Stalker x3  
  79  11:32  Pylon  
  79  11:37  Blink (Chrono Boost)  
  79  11:57  Zealot  
  79  11:58  Zealot x3  
  87  12:02  Archon x4  
  87  12:07  Probe  
  82  12:15  Dark Templar  
  82  12:18  Probe  
  82  12:21  Dark Templar  
  87  12:28  Probe  
  87  12:30  Zealot  
  90  12:42  Probe  
  90  12:46  Pylon  
  89  12:53  Probe  
  90  13:04  Probe  
  91  13:07  Stalker x3  
  91  13:08  Stalker  
  99  13:14  Probe  
  100  13:25  Probe  
  101  13:35  Probe, Stalker  
  101  13:36  Stalker x3  
  101  13:37  Stalker  
  112  13:42  Observer  
  112  13:43  Probe  
  112  13:46  Probe  
  112  13:48  Probe x2  
  117  13:53  Probe  
  118  13:58  Assimilator  
  118  14:00  Assimilator  
  118  14:04  Probe  
  119  14:14  Probe  
  120  14:20  Dark Templar  
  120  14:21  Dark Templar  
  124  14:27  Probe  
  125  14:35  Pylon  
  125  14:37  Probe  
  125  14:43  Nexus  
  125  14:45  Pylon  
  126  14:48  Probe  
  127  14:56  Pylon  
  127  14:59  Probe  
  127  15:05  Stalker  
  127  15:06  Stalker x4  
  138  15:07  Stalker x2  
  138  15:09  Probe, Pylon  
  138  15:11  Probe  
  138  15:12  Probe  
  145  15:16  Pylon  
  145  15:20  Probe  
  145  15:24  Probe  
  145  15:26  Pylon  
  145  15:43  Zealot x2  
  145  15:44  Zealot x4  
  145  15:45  Zealot x3  
  161  15:56  Forge  
  161  15:57  Probe, Forge  
  161  15:59  Probe x3  
  161  16:00  Pylon  
  161  16:02  Pylon  
  165  16:09  Probe  
  166  16:14  Mothership Core (Chrono Boost)  
  166  16:17  Probe x2  
  168  16:18  Probe (Chrono Boost)  
  168  16:20  Probe (Chrono Boost)  
  172  16:29  Probe (Chrono Boost)  
  172  16:32  Probe (Chrono Boost)  
  174  16:38  Probe (Chrono Boost)  
  175  16:40  Probe (Chrono Boost)  
  176  16:48  Probe (Chrono Boost)  
  176  16:51  Probe (Chrono Boost)  
  176  16:52  Gateway  
  176  16:54  Gateway  
  178  16:55  Gateway  
  178  16:57  Gateway  
  178  16:58  Warp Prism  
  178  16:59  Gateway  
  180  17:01  Gateway  
  180  17:03  Zealot x4  
  180  17:04  Zealot x4  
  180  17:05  Zealot  
  198  18:08  Assimilator  
  198  18:11  Assimilator  
  198  18:15  Nexus  
  199  18:20  Observer (Chrono Boost)  
  199  18:27  Pylon  
  199  18:39  Observer (Chrono Boost)  
  158  18:55  Zealot x2  
  158  18:56  Stalker, Zealot  
  158  18:57  Stalker x5  
  158  18:58  Stalker x4  
  158  18:59  Stalker  
Tags
 
Add a new tag
Caveats
  • Supply blocks, unpowered buildings, or Contaminate may cause inaccurate times.
  • Supply counts are checked every 10 seconds.